 Dungeon Crawl Stone Soup version 0.30-a0-859-gf88a04b62d (webtiles) character file.

Game seed: 3865278935848122633

85 112233 the Caller (level 4, 0/27 HPs)
             Began as an Octopode Summoner on Mar 6, 2023.
             Slain by a black bear (4 damage)
             ... on level 3 of the Dungeon.
             The game lasted 00:03:19 (2136 turns).

112233 the Caller (Octopode Summoner)               Turns: 2136, Time: 00:03:20

Health: 0/27       AC:  1    Str:  7    XL:     4   Next: 48%
Magic:  1/8        EV: 13    Int: 19    God:
Gold:   50         SH:  0    Dex: 12    Spells: 3/9 levels left

rFire   . . .      SeeInvis .    i - +0 club
rCold   . . .      Faith    .    (no shield)
rNeg    . . .      Spirit   .    (helmet restricted)
rPois   .          Reflect  .    (no amulet)
rElec   .          Rampage  .    (no ring)
rCorr   .                        (no ring)
Will    .....                    (no ring)
Stlth   +++                      (no ring)
HPRegen 0.24/turn                (no ring)
MPRegen 0.11/turn                (no ring)
                                 (no ring)
                                 (no ring)

@: no status effects
A: almost no armour, amphibious, 8 rings, camouflage 1, gelatinous body 1,
(nimble swimmer 1), tentacles
a: no special abilities


You were on level 3 of the Dungeon.
You visited 1 branch of the dungeon, and saw 3 of its levels.

You collected 50 gold pieces.

Inventory:

Hand Weapons
 i - a +0 club (weapon)
Scrolls
 a - 3 scrolls of identify {unknown}
 e - 3 scrolls of teleportation {unknown}
Potions
 b - a potion of curing {unknown}
 c - a potion of haste {unknown}
 d - a potion of heal wounds {unknown}
 f - a potion of ambrosia {unknown}
 g - 2 potions of might {unknown}
 h - a potion of attraction {unknown}
 l - a potion of invisibility {unknown}


   Skills:
 + Level 3.3 Dodging
 - Level 3.0 Stealth
 + Level 3.1 Spellcasting
 - Level 4.2 Summonings


You had 3 spell levels left.
You knew the following spells:

 Your Spells              Type           Power      Damage    Failure   Level
a - Summon Small Mammal   Summ           72%        N/A       2%          1
b - Call Imp              Summ           18%        N/A       4%          2
c - Call Canine Familiar  Summ           18%        N/A       9%          3

Your spell library contained the following spells:

 Spells                   Type           Power      Damage    Failure   Level
 Necrotise                Necr           8%         1d4       16%         1
 Summon Guardian Golem    Hex/Summ       10%        N/A       19%         3
 Vampiric Draining        Necr           2%         2d6       41%         3
 Summon Lightning Spire   Summ/Air       10%        N/A       54%         4
 Agony                    Necr           2%         N/A       99%         5


Dungeon Overview and Level Annotations

Branches:
Dungeon (3/15)

Altars:

Shops:
D:1 :   D:2 ?

Annotations:
D:3 exclusion: upstairs


Innate Abilities, Weirdness & Mutations

You cannot wear most types of armour.
You are amphibious.
You can wear up to eight rings at the same time.
Your skin changes colour to match your surroundings (Stealth+).
Your rubbery body absorbs attacks. (AC +1, EV +1)
((You are camouflaged when in or above water. (Stealth+)))
You have tentacles for arms and can constrict up to eight enemies at once.


Message History

Your hound bites the black bear.
The black bear goes berserk!
Your hound completely misses the black bear.
The black bear barely misses your hound.
The black bear claws your hound.
Your hound dies!
Your hound's corpse disappears in a puff of smoke!
Your crimson imp hits the black bear.
Unknown command.
Your bat barely misses the black bear.
The black bear bites your crimson imp!
Your crimson imp dies!
Your crimson imp disappears in a puff of smoke!
Your bat hits the black bear.
Your bat closely misses the black bear.
The black bear misses your bat. The black bear closely misses your bat.
The black bear claws your bat but does no damage.
Casting: Summon Small Mammal (safe; 2% risk of failure)
Confirm with . or Enter, or press ? or * to list all spells.
A beastly little devil appears in a puff of flame.
Your bat barely misses the black bear.
The black bear bites your bat!
Your bat dies!
Your bat's corpse disappears in a puff of smoke!
The black bear bites your crimson imp! The black bear claws your crimson imp.
Your crimson imp dies!
Your crimson imp disappears in a puff of smoke!
Unknown command.
You aren't carrying any items that you can evoke.
Unknown command.
You aren't carrying any items that you can evoke.
Unknown command.
Okay, then.
As you read the scroll labelled CYATWO UGESCH, it crumbles to dust.
It is a scroll of enchant armour.
You aren't carrying any armour which can be enchanted further.
As you read the scroll labelled KONEVUEGUO, it crumbles to dust.
The creatures around you are filled with an inner flame!
It was a scroll of immolation.
The black bear closely misses you.
The black bear claws you. x2; The black bear bites you!
* * * LOW HITPOINT WARNING * * *
The black bear claws you.
You die...

..........### #......#
..######)######......#
#.....#####.#.# .#
#.........#.#.# .#
##.##.###.#.#.# #####.#
#.#........#.#
#.....#####.#...######.#
.................(...§.##########
#....#####..###.@h...§...........
#....................######......
####'######.)#######.# #......
#....# ##)........... #..h...
#....# #.......##.....# #...5..
#....# #.......##.....# #......
#....# #........####### #......
#....# ########.. #......
###....## #(


You could see a black bear (berserk, inner flame).

Vanquished Creatures
  2 worms
  An endoplasm (D:1)
  2 goblins
  A hobgoblin (D:2)
  A bat (D:2)
  2 rats
9 creatures vanquished.

Vanquished Creatures (collateral kills)
  2 adders (D:2)
  A worm (D:3)
  A dart slug (D:1)
  3 orcs (D:3)
  5 ball pythons
  4 endoplasms (D:1)
  4 goblins
  3 hobgoblins
  3 quokkas (D:1)
  3 bats
  4 frilled lizards
  9 kobolds
  A rat (D:2)
43 creatures vanquished.

Vanquished Creatures (others)
  12 plants (D:2)
12 creatures vanquished.

Grand Total: 64 creatures vanquished

Notes
Turn   | Place    | Note
-------+----------+-------------------------------------------
     0 | D:1      | 112233 the Octopode Summoner began the quest for the Orb.
     0 | D:1      | Reached XP level 1. HP: 11/11 MP: 3/3
   144 | D:1      | Reached XP level 2. HP: 15/17 MP: 1/5
   150 | D:1      | Learned a level 2 spell: Call Imp
   398 | D:1      | Found Jaotamya's Book Shop.
   615 | D:1      | Reached XP level 3. HP: 21/21 MP: 3/6
  1399 | D:2      | Found Juso's Magic Scroll Emporium.
  1583 | D:2      | Reached XP level 4. HP: 27/27 MP: 4/8
  1730 | D:2      | Identified the +1 short sword of Hirchahi {heavy, rPois
                  | Str+3 SInv}
  1802 | D:3      | Learned a level 3 spell: Call Canine Familiar
  2104 | D:3      | Noticed a black bear
  2136 | D:3      | Slain by a black bear

Illustrated notes

Levels and vault maps discovered:
D:1:      amcnicky_arrival_abandoned_market, layout_rooms, serial_shops,
          shop_statue
D:2:      minmay_general_purpose_star, layout_basic, serial_shops, shop,
          lexackson_kobold_supper
D:3:      layout_basic, fedhas_altar_2, basic_ecumenical_altar,
          kennysheep_generic_room_14

Skill      XL: |  1  2  3  4 |
---------------+-------------+-----
Stealth        | 3 |  3.0
Dodging        | 3 |  3.3
Spellcasting   | 3 |  3.1
Summonings     | |  4.2

Action                     |  1- 3 |  4- 6 || total
---------------------------+-------+-------++-------
  Melee: Unarmed           |     7 |       ||     7
         Tentacles         |     3 |     1 ||     4
         Club              |    14 |     4 ||    18
         Constrict         |     4 |     1 ||     5
   Cast: Summon Small Mamm |    42 |    15 ||    57
         Call Imp          |    19 |    11 ||    30
         Call Canine Famil |       |     3 ||     3
    Use: Potion            |     2 |     1 ||     3
         Scroll            |       |     2 ||     2
   Stab: Sleeping          |     1 |       ||     1
 Armour: Skin              |     2 |       ||     2
  Dodge: Dodged            |    32 |    18 ||    50

Table legend: (Time is in decaauts)
 A = Elapsed time spent in this place.
 B = Non-inter-level travel time spent in this place.
 C = Inter-level travel time spent in this place.
 D = Time resting spent in this place.
 E = Time spent auto-exploring this place.
 F = Levels seen in this place.
 G = Mean time per level.
                   A        B        C        D        E       F      G
               +--------+--------+--------+--------+--------+-----+--------+
         Total |   2140 |   2112 |     28 |     96 |   1400 |   3 |  713.3 |
       Dungeon |   2140 |   2112 |     28 |     96 |   1400 |   3 |  713.3 |
               +--------+--------+--------+--------+--------+-----+--------+

Top non-repeatable levels by time:
     D:1: 942 daAuts
     D:2: 826 daAuts
     D:3: 371 daAuts
